 Dungeon Crawl Stone Soup version 0.27.1-34-g3ba077fa99 (webtiles) character file.

Game seed: 11385132367366897223

1314 zeram the Covered (level 8, -1/49 HPs)
             Began as a Gargoyle Fighter on Jan 16, 2022.
             Was an Initiate of Gozag.
             Slain by an ogre (23 damage)
             ... while paralysed by Grinder
             ... on level 6 of the Dungeon.
             The game lasted 00:07:44 (6140 turns).

zeram the Covered (Gargoyle Fighter)                Turns: 6140, Time: 00:07:45

Health: -1/49      AC: 14    Str: 21    XL:     8   Next: 58%
Magic:  8/8        EV:  2    Int: 10    God:    Gozag
Gold:   650        SH:  0    Dex:  9    Spells: 7/7 levels left

rFire    . . .     SeeInvis .   e - +10 broad axe "Xowo" {vamp, Will+ rCorr}
rCold    . . .     Faith    .   c - +0 kite shield
rNeg     + . .     Spirit   .   b - +0 scale mail
rPois    ∞         Reflect  .   (no helmet)
rElec    +         Harm     .   (no cloak)
rCorr    +         Rampage  .   (no gloves)
Will     +....                  g - +0 pair of boots
Stlth    ..........             (no amulet)
HPRegen  0.16/turn              (no ring)
MPRegen  0.11/turn              (no ring)

@: paralysed
A: sickness immunity, AC +5, negative energy resistance 1, electricity
resistance, torment resistance 1, petrification resistance
a: Renounce Religion, Potion Petition, Call Merchant, Bribe Branch


You were on level 6 of the Dungeon.
You worshipped Gozag.
Gozag was pleased with you.
You visited 1 branch of the dungeon, and saw 6 of its levels.
You also visited: Ossuary.

You collected 730 gold pieces.
You paid 80 gold pieces to Gozag.

Inventory:

Hand Weapons
 a - a +0 flail
 e - the +10 broad axe "Xowo" (weapon) {vamp, Will+ rCorr}
   (You acquired it on level 4 of the Dungeon)

   It occasionally heals its wielder for a portion of the damage dealt when it
   wounds a living foe.
   rCorr:     It protects you from acid and corrosion.
   Will:      It increases your willpower.
Missiles
 j - 33 poisoned darts (quivered)
Armour
 b - a +0 scale mail (worn)
 c - a +0 kite shield (worn)
 g - a +0 pair of boots (worn)
 q - a +1 cloak of poison resistance
Scrolls
 k - a scroll of noise
Potions
 d - a potion of lignification {unknown}
 f - a potion of flight {unknown}
 h - a potion of curing
 i - a potion of attraction {unknown}
 l - 2 potions of degeneration
 n - a potion of invisibility {unknown}
 p - 2 potions of berserk rage {unknown}


   Skills:
 + Level 5.3 Fighting
 + Level 3.9(4.7) Axes
 - Level 4.1(5.0) Maces & Flails
 + Level 6.1 Armour
 + Level 2.1 Dodging
 + Level 6.1 Shields


You had 7 spell levels left.
You didn't know any spells.
Your spell library contained the following spells:

 Spells                   Type           Power      Damage    Failure   Level
 Animate Skeleton         Necr           0%         N/A       97%         1
 Corona                   Hex            0%         N/A       97%         1
 Pain                     Necr           0%         1d4       97%         1
 Ensorcelled Hibernation  Hex/Ice        0%         N/A       99%         2
 Slow                     Hex            0%         N/A       99%         2
 Confusing Touch          Hex            0%         N/A       100%        3
 Inner Flame              Hex/Fire       0%         N/A       100%        3
 Tukima's Dance           Hex            0%         N/A       100%        3
 Vampiric Draining        Necr           0%         2d6       100%        3
 Cause Fear               Hex            0%         N/A       100%        4
 Summon Lightning Spire   Summ/Air       0%         N/A       100%        4
 Storm Form               Tmut/Air       0%         N/A       100%        7
 Discord                  Hex            0%         N/A       100%        8
 Maxwell's Capacitive Co  Air            0%         ∞         100%        8


Dungeon Overview and Level Annotations

Branches:
Dungeon (6/15)             Temple (0/1) D:5         Ossuary (visited)

Altars:
Gozag
Makhleb
Okawaru
Trog
The Shining One

Shops:
D:5 (

Annotations:
D:6 Grinder


Innate Abilities, Weirdness & Mutations

You are immune to sickness and miasma.
Your stone body is resilient. (AC +5)
You are immune to poison.
You resist negative energy. (rN+)
You are resistant to electric shocks. (rElec)
You are resistant to unholy torment.
You are immune to petrification.


Message History

You can't go down here!
There is an empty arch of ancient stone here.
There is a gate leading back out of this place here.
There is a gate leading back out of this place here.
Welcome back to the Dungeon!
There is a collapsed entrance here.
You now have 650 gold pieces (gained 15).
Grinder comes into view.
Grinder is nearby!
Grinder is nearby!
Grinder is nearby!
Grinder is nearby!
Grinder shouts!
An ogre comes into view. It is wielding a +0 giant club.
The ogre shouts!
An ufetubus comes into view.
The ufetubus shouts!
You completely miss Grinder.
Grinder says, "FISH!"
Grinder gestures at you. You resist with almost no effort.
Grinder hits you but does no damage.
You hit Grinder.
Grinder is lightly wounded.
Grinder gestures at you.
You suddenly lose the ability to move!
The ufetubus hits you but does no damage. x2
The ogre hits you with a +0 giant club! Grinder hits you.
You writhe in agony.
The ufetubus hits you but does no damage.
The ufetubus barely misses you.
An ice beast comes into view.
The ufetubus hits you but does no damage. x2
The ogre hits you with a +0 giant club! Grinder hits you but does no damage.
The ufetubus hits you but does no damage. x2
Grinder gestures at you. You resist with some effort.
The ufetubus barely misses you.
The ufetubus hits you but does no damage.
The ogre hits you with a +0 giant club!!
You die...
Your body crumbles into a pile of gold.

####### ....... .......
....... ......O########
......5@......##
.Y....5##.#.#..#
.######........# #.#...#..#
#.....#.## #.......#
.#####.#...#.########
........#............
############.......########


You could see Grinder, an ice beast, an ogre and an ufetubus.

Vanquished Creatures
  3 yaks (D:5)
  A centaur (D:5)
  Blork the orc (D:5)
  An elf zombie (Ossuary)
  2 scorpions
  A water moccasin zombie (D:5)
  A jelly (D:4)
  A hound (D:5)
  2 centaur skeletons
  2 orc wizards (D:2)
  2 iguanas (D:5)
  Natasha (twice) (D:4)
  A hound skeleton (D:4)
  2 mummies (Ossuary)
  A howler monkey skeleton (D:4)
  4 gnolls
  4 adders
  4 ufetubi
  A worm (D:2)
  2 dart slugs
  12 orcs
  9 ball pythons
  9 endoplasms
  4 giant cockroaches
  6 gnoll zombies (Ossuary)
  6 goblins
  6 hobgoblins
  11 jackals (D:3)
  4 quokkas
  5 bats
  A frilled lizard (D:3)
  2 goblin zombies (Ossuary)
  A hobgoblin zombie (Ossuary)
  4 kobolds
  4 orc zombies (Ossuary)
  4 rats
126 creatures vanquished.

Notes
Turn   | Place    | Note
-------+----------+-------------------------------------------
     0 | D:1      | zeram the Gargoyle Fighter began the quest for the Orb.
     0 | D:1      | Reached XP level 1. HP: 14/14 MP: 1/1
   280 | D:1      | Reached XP level 2. HP: 15/19 MP: 2/2
   691 | D:1      | Found a faded altar of an unknown god.
   710 | D:1      | Reached XP level 3. HP: 21/23 MP: 3/3
  2141 | D:2      | Reached XP level 4. HP: 25/28 MP: 4/4
  2290 | D:2      | Found a burning altar of Makhleb.
  2896 | D:3      | Reached XP level 5. HP: 26/33 MP: 5/5
  3193 | D:3      | Found a bloodstained altar of Trog.
  3196 | D:3      | Found a glowing golden altar of the Shining One.
  3488 | D:3      | Found an iron altar of Okawaru.
  4489 | D:4      | Reached XP level 6. HP: 32/38 MP: 6/6
  4504 | D:4      | Reached skill level 1 in Dodging
  5152 | D:4      | Noticed Natasha
  5166 | D:4      | Killed Natasha
  5173 | D:4      | Identified a scroll of acquirement
  5173 | D:4      | Acquired the +10 broad axe "Xowo" {vamp, Will+ rCorr}
  5206 | D:4      | Noticed Natasha
  5209 | D:4      | Killed Natasha
  5256 | D:5      | Entered Level 5 of the Dungeon
  5257 | D:5      | Noticed Blork the orc
  5261 | D:5      | Reached skill level 5 in Armour
  5261 | D:5      | Reached XP level 7. HP: 44/44 MP: 7/7
  5265 | D:5      | Killed Blork the orc
  5266 | D:5      | Reached skill level 5 in Shields
  5276 | D:5      | Found an opulent altar of Gozag.
  5287 | D:5      | Became a worshipper of Gozag Ym Sagoz the Greedy
  5311 | D:5      | Reached skill level 1 in Axes
  5356 | D:5      | Noticed a yak
  5357 | D:5      | Noticed a yak
  5358 | D:5      | Noticed a yak
  5362 | D:5      | Killed a yak
  5363 | D:5      | Killed a yak
  5367 | D:5      | Killed a yak
  5368 | D:5      | Reached skill level 5 in Fighting
  5368 | D:5      | Reached XP level 8. HP: 44/49 MP: 8/8
  5432 | D:5      | Found Latog's Antique Weapon Shop.
  5551 | D:5      | Found a staircase to the Ecumenical Temple.
  5895 | D:6      | Found a sand-covered staircase.
  5913 | Ossuary  | Entered an ossuary
  6132 | D:6      | Noticed Grinder
  6137 | D:6      | Paralysed by Grinder for 7 turns
  6140 | D:6      | Slain by an ogre

Illustrated notes

Levels and vault maps discovered:
D:1:      dpeg_arrival_oval, layout_basic,
          hellmonk_ecumenical_altar_inner_sanctum
D:2:      layout_basic, basic_altar
D:3:      layout_basic, lemuel_doored_altar, marbit_many_paths, bloody_trog
D:4:      minmay_diamond_boxcup, layout_rooms, chequers_serial_rivers_room_b,
          uniq_natasha
D:5:      layout_cave_pools, grunt_gozag_breadcrumbs,
          minmay_temple_entry_drinking_statues, serial_shops,
          nicolae_square_shop, minmay_misc_feat_iff, minmay_statues_item,
          uniq_blork_the_orc
D:6:      layout_basic, mainiacjoe_overflow_small_starburst,
          lemuel_zombie_altar_yredelemnul, nicolae_ossuary_entry_ruins,
          uniq_grinder, uniq_sigmund

Skill      XL: |  1  2  3  4  5  6  7  8 |
---------------+-------------------------+-----
Armour         | 4 5 6 |  6.1
Shields        | 4 5 6 |  6.1
Maces & Flails | 3 4 |  4.1
Fighting       | 4 5 |  5.3
Dodging        | 1 2 |  2.1
Axes           | 2 3 |  3.9

Action                   |  1- 3 |  4- 6 |  7- 9 || total
-------------------------+-------+-------+-------++-------
Melee: Flail             |    76 |   313 |       ||   389
       Broad axe         |       |     3 |    67 ||    70
  Use: Potion            |     1 |     3 |       ||     4
       Scroll            |       |     7 |     4 ||    11
Armor: Scale mail        |    42 |   256 |    50 ||   348
Dodge: Dodged            |    37 |   143 |    27 ||   207
Block: Kite shield       |    80 |   210 |    41 ||   331
